 Dungeon Crawl Stone Soup version 0.30.0-29-ga12c61a403 (webtiles) character file.

Game seed: 16804583047497527316

48314 cheesebisquit the Brawler (level 14, -15/143 HPs)
             Began as a Troll Fighter on June 14, 2023.
             Was a High Priest of Wu Jian.
             Demolished by a six-headed hydra (16 damage)
             ... on level 4 of the Lair of Beasts.
             The game lasted 01:00:59 (17460 turns).

cheesebisquit the Brawler (Troll Fighter)          Turns: 17460, Time: 01:01:00

Health: -15/143    AC:  9    Str: 27    XL:     14   Next: 11%
Magic:  13/13      EV: 13    Int: 11    God:    Wu Jian [*****.]
Gold:   900        SH:  0    Dex: 15    Spells: 13/13 levels left

rFire   . .          .
                       - Unarmed
rCold   + . .        b - +1 kite shield
rNeg    . . .        j - +2 robe {Will+}
rPois   .            q - +1 hat {Int+3}
rElec   .            k - +1 cloak
rCorr   .            (gloves unavailable)
SInv    +            (boots unavailable)
Will    +++..        r - amulet of Gabun {Faith Harm rC+ SInv}
Stlth   +            w - ring of willpower
HPRegen 1.23/turn    p - +6 ring of dexterity
MPRegen 0.13/turn

%: harm (+30% outgoing, +20% incoming), faith
@: confused, ambrosia-drunk
A: large, unfitting armour, claws 3, regeneration 1, shaggy fur 1, tough skin 1
a: Renounce Religion, Wall Jump, Serpent's Lash, Heavenly Storm


You were on level 4 of the Lair of Beasts.
You worshipped Wu Jian.
Wu Jian was extremely pleased with you.
You visited 3 branches of the dungeon, and saw 18 of its levels.

You collected 949 gold pieces.
You spent 49 gold pieces at shops.

Inventory:

Hand Weapons
 m - a +2 spear of venom
 K - the +5 whip "Cekaasan" {vamp, rElec rC+}
   (You found it on level 8 of the Dungeon)

   rC:        It protects you from cold.
   rElec:     It insulates you from electricity.
 R - a +2 giant spiked club of venom
Missiles
 l - 3 large rocks (quivered)
 u - 5 silver javelins
 x - 6 javelins
 y - 2 curare-tipped darts
 E - 2 throwing nets
Armour
 b - a +1 kite shield (worn)
 j - a +2 robe of willpower (worn)
 k - a +1 cloak (worn)
 q - a +1 hat of intelligence (worn)
 s - +0 acid dragon scales
 P - a +2 robe of cold resistance
Jewellery
 p - a +6 ring of dexterity (right claw)
 r - the amulet of Gabun (around neck) {Faith Harm rC+ SInv}
   (You found it on level 3 of the Dungeon)

   [amulet of faith]

   It allows you to gain divine favour quickly.
   rC:        It protects you from cold.
   SInv:      It lets you see invisible.
   Harm:      It increases damage dealt and taken.
 w - a ring of willpower (left claw)
 N - an amulet of the acrobat
 O - a ring of ice
 U - a ring of wizardry
 Z - an amulet of magic regeneration
Wands
 f - a wand of charming (9)
 I - a wand of flame (47)
 J - a wand of mindburst (10)
 M - a wand of iceblast (6)
 S - a wand of polymorph (4)
Scrolls
 d - 6 scrolls of teleportation
 g - 2 scrolls of amnesia
 i - 3 scrolls of fog
 n - 4 scrolls of immolation
 z - a scroll of summoning
 A - a scroll of silence {unknown}
 B - a scroll of fear
 D - a scroll of vulnerability {unknown}
 H - a scroll of magic mapping {unknown}
 L - a scroll of poison {unknown}
 W - a scroll of torment {unknown}
 Y - a scroll of identify
Potions
 a - 4 potions of mutation
 c - a potion of might
 e - 5 potions of ambrosia
 h - 5 potions of brilliance
 v - 2 potions of lignification
 C - a potion of cancellation
 F - 2 potions of attraction
 G - a potion of resistance
 V - a potion of magic
Miscellaneous
 Q - a lightning rod (4/4)


   Skills:
 + Level 10.1 Fighting
 + Level 8.7 Dodging
 + Level 11.1 Shields
 * Level 16.3 Unarmed Combat


You had 13 spell levels left.
You didn't know any spells.
Your spell library contained the following spells:

 Spells                   Type           Power      Damage    Failure   Level
 Beastly Appendage        Tmut           0%         N/A       50%         1
 Foxfire                  Conj/Fire      0%         2x1d4     50%         1
 Magic Dart               Conj           0%         1d3       50%         1
 Slow                     Hex            0%         N/A       50%         1
 Call Imp                 Summ           0%         N/A       63%         2
 Wereblood                Tmut           0%         N/A       63%         2
 Confusing Touch          Hex            0%         N/A       86%         3
 Dazzling Flash           Conj/Hex       0%         N/A       86%         3
 Inner Flame              Hex/Fire       0%         N/A       86%         3
 Mephitic Cloud           Conj/Pois/Air  0%         N/A       86%         3
 Spider Form              Tmut/Pois      0%         N/A       86%         3
 Stone Arrow              Conj/Erth      0%         3d7       86%         3
 Tukima's Dance           Hex            0%         N/A       86%         3
 Vampiric Draining        Necr           0%         2d6       86%         3
 Vhi's Electric Charge    Tloc/Air       0%         N/A       86%         3
 Volatile Blastmotes      Fire/Tloc      0%         2d10      86%         3
 Iskenderun's Mystic Bla  Conj/Tloc      0%         2d3       99%         4
 Passage of Golubria      Tloc           0%         N/A       99%         4
 Agony                    Necr           0%         N/A       100%        5
 Arcjolt                  Conj/Air       0%         1d10      100%        5
 Fireball                 Conj/Fire      0%         3d3       100%        5
 Iskenderun's Battlesphe  Conj           0%         2d6       100%        5
 Silence                  Hex/Air        0%         N/A       100%        5
 Summon Forest            Summ/Tloc      0%         N/A       100%        5
 Yara's Violent Unravell  Hex/Tmut       0%         3d3       100%        5
 Conjure Ball Lightning   Conj/Air       0%         3x3d6     100%        6
 Eringya's Noxious Bog    Tmut/Pois      0%         N/A       100%        6
 Plasma Beam              Fire/Air       0%         2x1d11    100%        6
 Simulacrum               Ice/Necr       0%         N/A       100%        6
 Starburst                Conj/Fire      0%         6d3       100%        6
 Enfeeble                 Hex            0%         N/A       100%        7
 Orb of Destruction       Conj           0%         9d5       100%        7
 Ozocubu's Refrigeration  Ice            0%         4d7       100%        7
 Summon Hydra             Summ           0%         N/A       100%        7
 Maxwell's Capacitive Co  Air            0%         ∞         100%        8
 Polar Vortex             Ice            0%         N/A       100%        9


Dungeon Overview and Level Annotations

Branches:
Dungeon (12/15)            Temple (1/1) D:5            Lair (5/5) D:9
  Swamp (0/4) Lair:3        Snake (0/4) Lair:3        Slime (0/5) Lair:5
    Orc (0/2) D:9

Altars:
Ashenzari
Cheibriados
Dithmenos
Elyvilon
Fedhas
Gozag
Hepliaklqana
Kikubaaqudgha
Makhleb
Nemelex Xobeh
Okawaru
Qazlal
Ru
Sif Muna
Trog
Uskayaw
Vehumet
Wu Jian
Xom
Yredelemnul
Zin
The Shining One
Jiyva
Lugonu

Shops:
D:2 [   D:5 :   D:8 :

Portals:
Trove: D:11 (give +4 fire dragon scales)

Annotations:
D:4 3 runed translucent doors, seaoflcl's ghost, novice MiFi
D:6 1 runed translucent door, SleepySteel's ghost, novice TeCj
D:7 2 transporters


Innate Abilities, Weirdness & Mutations

You are too large for most types of armour.
You have claws for hands.
Your natural rate of healing is unusually fast.
You are covered in fur. (AC +1)
You have tough skin. (AC +1)


Message History

You throw a large rock.
The large rock hits the six-headed hydra!
The six-headed hydra is severely wounded.
The six-headed hydra closely misses you.
The six-headed hydra bites you.
You block the six-headed hydra's attack.
The six-headed hydra bites you. The six-headed hydra bites you!
The six-headed hydra bites you. x2
The six-headed hydra completely misses you.
The six-headed hydra closely misses you.
The six-headed hydra bites you. The six-headed hydra bites you!
The six-headed hydra completely misses you.
You are too injured to fight recklessly!
Throw: 4 large rocks
Press: ? - help, Q - select action, (/) - cycle Shift-Dir - straight line, f/p - six-headed hydra
Aim: a six-headed hydra (severely wounded, 81% to hit)
You throw a large rock.
The large rock barely misses the six-headed hydra.
The six-headed hydra completely misses you.
The six-headed hydra bites you but does no damage.
You block the six-headed hydra's attack.
The six-headed hydra bites you! x2
You block the six-headed hydra's attack.
The six-headed hydra barely misses you.
You block the six-headed hydra's attack.
The six-headed hydra bites you!
* * * LOW HITPOINT WARNING * * *
The six-headed hydra bites you.
* * * LOW HITPOINT WARNING * * *
The six-headed hydra bites you but does no damage.
The six-headed hydra bites you!
* * * LOW HITPOINT WARNING * * *
You are confused.
You feel invigorated.
The six-headed hydra barely misses you. x2
The six-headed hydra bites you!
* * * LOW HITPOINT WARNING * * *
The six-headed hydra bites you!
* * * LOW HITPOINT WARNING * * *
The six-headed hydra bites you!
You die...

###
##..............##
##.............P#
#.....[........####
##................##
##................#
###.........<.....#
##.................#
#..................#
#...@.............##
##.D.............##
##.....#..........##
#(.................#
###...............##
#.#..(..........#
###.............#
##........>.###
##.#.#.##.##


You could see a six-headed hydra.

Vanquished Creatures
  Rupert (D:11)
  Gastronok (D:9)
  Fannar (D:10)
  Erolcha (D:12)
  A hydra (Lair:4)
  3 two-headed ogres
  5 death yaks (Lair:3)
  A tengu warrior (D:12)
  2 boulder beetles
  A skyshark (Lair:4)
  3 deep elf pyromancers
  2 cyclopes (D:12)
  An ugly thing (D:11)
  3 manticores
  Maurice (D:12)
  10 elephants
  Joseph (D:7)
  3 black mambas
  16 cane toads
  3 gargoyles
  A rime drake (D:9)
  7 komodo dragons
  A kobold demonologist (D:12)
  3 unseen horrors (D:12)
  2 polar bears
  3 trolls
  A queen bee (Lair:1)
  Grinder (D:6)
  5 tyrant leeches (Lair:3)
  2 hornets
  8 blink frogs
  A slime creature (D:12)
  7 shadows
  A wraith (D:12)
  A wyvern (D:11)
  29 yaks
  A steam dragon (Lair:4)
  Eustachio (D:5)
  4 basilisks
  3 vampire mosquitoes (D:12)
  Menkaure (D:5)
  A swamp worm (Lair:3)
  An acid dragon (D:11)
  15 water moccasins
  2 nagas (Lair:3)
  Duvessa (D:5)
  3 orc warriors
  2 black bears
  4 ice beasts (D:9)
  A sky beast (D:6)
  An ogre (D:7)
  8 wolves
  6 centaurs
  2 phantoms
  13 bullfrogs
  2 kobold brigands (D:4)
  A gnoll sergeant (D:11)
  A scorpion (Lair:1)
  11 wights
  Dowan (D:5)
  32 killer bees
  An electric eel (Lair:3)
  2 howler monkeys
  5 hounds
  16 jellies
  4 orc priests
  4 sleepcaps
  Jessica (D:2)
  2 iguanas
  7 orc wizards
  11 gnolls
  5 adders
  A shadow imp (D:6)
  2 white imps
  An ufetubus (D:7)
  4 worms
  3 dart slugs
  25 orcs
  7 bats
  7 endoplasms
  5 giant cockroaches
  7 goblins
  9 hobgoblins
  7 jackals
  20 kobolds
  3 quokkas
  7 ball pythons
  2 frilled lizards (D:1)
  17 rats
436 creatures vanquished.

Notes
Turn   | Place    | Note
-------+----------+-------------------------------------------
     0 | D:1      | cheesebisquit the Troll Fighter began the quest for the
                  | Orb.
     0 | D:1      | Reached XP level 1. HP: 22/22 MP: 0/0
    94 | D:1      | Reached XP level 2. HP: 21/29 MP: 1/1
   151 | D:1      | Found a faded altar of an unknown god.
   372 | D:1      | Reached XP level 3. HP: 36/36 MP: 2/2
   448 | D:1      | Reached skill level 3 in Unarmed Combat
   738 | D:2      | Noticed Jessica
   969 | D:2      | Killed Jessica
   970 | D:2      | Reached XP level 4. HP: 44/44 MP: 3/3
  1219 | D:2      | Reached skill level 4 in Unarmed Combat
  1334 | D:2      | Reached XP level 5. HP: 50/53 MP: 4/4
  1385 | D:2      | Found Lemit's Armour Shop.
  1398 | D:2      | Bought a +0 cloak for 49 gold pieces
  1811 | D:3      | Identified the amulet of Gabun {Faith Harm rC+ SInv}
  1913 | D:3      | Noticed a phantom
  1926 | D:3      | Killed a phantom
  1931 | D:3      | Reached XP level 6. HP: 61/61 MP: 5/5
  2503 | D:4      | Reached skill level 5 in Unarmed Combat
  2754 | D:4      | Found a runed translucent gate.
  2829 | D:4      | Found the +7 Throatcutter {drain, coup de grace}
  2836 | D:4      | Reached XP level 7. HP: 61/68 MP: 6/6
  2879 | D:4      | Found a runed translucent gate.
  2880 | D:4      | Found a runed translucent gate.
  2890 | D:4      | Noticed seaoflcl's ghost (novice MiFi)
  2912 | D:4      | Found a glowing silver altar of Zin.
  2912 | D:4      | Noticed an angel
  2931 | D:4      | Reached skill level 6 in Unarmed Combat
  2985 | D:4      | Found a hazy altar of Hepliaklqana.
  3026 | D:5      | Entered Level 5 of the Dungeon
  3026 | D:5      | Found a radiant altar of Vehumet.
  3047 | D:5      | Found Aduaps's Book Boutique.
  3104 | D:5      | Noticed Duvessa
  3117 | D:5      | Noticed Dowan
  3125 | D:5      | Killed Duvessa
  3130 | D:5      | Killed Dowan
  3131 | D:5      | Reached skill level 5 in Shields
  3131 | D:5      | Reached XP level 8. HP: 56/79 MP: 7/7
  3218 | D:5      | Found a staircase to the Ecumenical Temple.
  3227 | Temple   | Entered the Ecumenical Temple
  3306 | Temple   | Became a worshipper of the Wu Jian Council
  3436 | D:5      | Reached skill level 7 in Unarmed Combat
  3480 | D:5      | Noticed Menkaure
  3488 | D:5      | Killed Menkaure
  3560 | D:5      | Found a shimmering blue altar of Sif Muna.
  3560 | D:5      | Noticed Eustachio
  3564 | D:5      | Killed Eustachio
  3791 | D:5      | Found an iron altar of Okawaru.
  3966 | D:6      | Reached skill level 5 in Fighting
  4119 | D:6      | Reached skill level 8 in Unarmed Combat
  4229 | D:6      | Found a runed translucent door.
  4231 | D:6      | Noticed SleepySteel's ghost (novice TeCj)
  4319 | D:6      | Noticed Grinder
  4325 | D:6      | Reached XP level 9. HP: 87/88 MP: 8/8
  4334 | D:6      | Reached * piety under Wu Jian
  4343 | D:6      | Killed Grinder
  4344 | D:6      | Reached skill level 9 in Unarmed Combat
  4467 | D:6      | Found a glowing golden altar of the Shining One.
  4533 | D:6      | Found a sparkling altar of Nemelex Xobeh.
  5024 | D:7      | Found a snail-covered altar of Cheibriados.
  5119 | D:7      | Noticed a purple ugly thing
  5120 | D:7      | Noticed a brown ugly thing
  5121 | D:7      | Found a transporter.
  5121 | D:7      | Found a corrupted altar of Lugonu.
  5121 | D:7      | Noticed an unseen horror
  5165 | D:7      | Noticed Joseph
  5179 | D:7      | Killed Joseph
  5261 | D:7      | Found a blossoming altar of Fedhas.
  5268 | D:7      | Found a shimmering altar of Xom.
  5324 | D:7      | Found a transporter.
  5531 | D:8      | Found a basalt altar of Yredelemnul.
  5606 | D:8      | Found a burning altar of Makhleb.
  5631 | D:8      | Identified the +5 whip "Cekaasan" {vamp, rElec rC+}
  5636 | D:8      | Found Gooke's Tiny Tomes.
  6254 | D:8      | Reached skill level 10 in Unarmed Combat
  6675 | D:9      | Paralysed by a hornet for 3 turns
  6746 | D:8      | Reached ** piety under Wu Jian
  6788 | D:8      | Reached XP level 10. HP: 100/100 MP: 9/9
  6837 | D:8      | Found a burning altar of Makhleb.
  6848 | D:8      | Found Gooke's Tiny Tomes.
  6973 | D:8      | Found a basalt altar of Yredelemnul.
  7724 | D:9      | Found a staircase to the Orcish Mines.
  7840 | D:9      | Noticed Gastronok
  7862 | D:9      | Killed Gastronok
  8012 | D:9      | Noticed a two-headed ogre
  8025 | D:9      | Killed a two-headed ogre
  8026 | D:9      | Reached skill level 11 in Unarmed Combat
  8055 | D:9      | Found a staircase to the Lair.
  8107 | D:9      | Found a shadowy altar of Dithmenos.
  8656 | D:10     | Entered Level 10 of the Dungeon
  8679 | D:10     | Reached *** piety under Wu Jian
  8747 | D:10     | Found an opulent altar of Gozag.
  8800 | D:10     | Reached skill level 5 in Dodging
  8800 | D:10     | Reached XP level 11. HP: 103/109 MP: 10/10
  9105 | D:10     | Noticed Fannar
  9121 | D:10     | Killed Fannar
  9122 | D:10     | Reached skill level 12 in Unarmed Combat
  9629 | D:11     | Noticed a two-headed ogre
  9638 | D:11     | Killed a two-headed ogre
  9860 | D:11     | Reached **** piety under Wu Jian
  9922 | D:11     | Noticed a purple ugly thing
  9927 | D:11     | Killed a purple ugly thing
 10405 | D:11     | Found a portal to a secret trove of treasure.
 10601 | D:12     | Noticed a deep elf pyromancer
 10602 | D:12     | Noticed Rupert
 10739 | D:12     | Noticed a deep elf pyromancer
 10748 | D:11     | Killed a deep elf pyromancer
 10793 | D:12     | Reached skill level 13 in Unarmed Combat
 10840 | D:12     | Noticed Erolcha
 10867 | D:11     | Killed a deep elf pyromancer
 10967 | D:12     | Got the Catalogue of the Leaden Missiles
 11024 | D:12     | Killed Erolcha
 11025 | D:12     | Reached XP level 12. HP: 120/120 MP: 11/11
 11080 | D:11     | Killed Rupert
 11205 | D:12     | Noticed a two-headed ogre
 11212 | D:12     | Noticed Maurice
 11213 | D:12     | Killed a two-headed ogre
 11227 | D:12     | Killed Maurice
 11305 | D:12     | Noticed a boulder beetle
 11310 | D:12     | Killed a boulder beetle
 11390 | D:12     | Reached skill level 14 in Unarmed Combat
 11701 | D:12     | Noticed a tengu warrior
 11718 | D:12     | Killed a tengu warrior
 12349 | Lair:1   | Entered Level 1 of the Lair of Beasts
 12524 | Lair:1   | Reached ***** piety under Wu Jian
 12724 | Lair:1   | Reached skill level 10 in Shields
 12743 | Lair:1   | Reached XP level 13. HP: 94/131 MP: 12/12
 13871 | Lair:2   | You fall into a shaft and drop 1 floor!
 14815 | Lair:3   | Found a staircase to the Snake Pit.
 14863 | Lair:3   | Found a staircase to the Swamp.
 15040 | Lair:3   | Reached skill level 15 in Unarmed Combat
 15945 | Lair:3   | Reached ****** piety under Wu Jian
 16807 | Lair:5   | Entered Level 5 of the Lair of Beasts
 16821 | Lair:5   | Reached skill level 10 in Fighting
 16885 | Lair:5   | Reached skill level 16 in Unarmed Combat
 16975 | Lair:5   | Found a viscous altar of Jiyva.
 16975 | Lair:5   | Found a staircase to the Slime Pits.
 17015 | Lair:5   | Reached XP level 14. HP: 121/143 MP: 13/13
 17022 | Lair:5   | HP: 5/143 [black mamba (14)]
 17460 | Lair:4   | HP: 1/143 [six-headed hydra (14)]
 17460 | Lair:4   | Demolished by a six-headed hydra

Illustrated notes

Levels and vault maps discovered:
D:1:      lemuel_arrival_funnel, layout_loops_ring,
          shapermc_ecumenical_altar_acropolis, kennysheep_another_room
D:2:      layout_rooms, serial_shops, nicolae_lakefront_shop,
          minmay_rat_gold_closets, uniq_jessica
D:3:      layout_basic, minmay_divided_ellipse
D:4:      layout_cave_pools, zin_angel, worldfamousw_hep_ancestral_shrine,
          gammafunk_ghost_necromancy, minmay_misc_feat_plants,
          dilly_guarded_unrand_throatcut
D:5:      layout_basic, mainiacjoe_overflow_24_doors, kennysheep_little_box,
          mainiacjoe_overflow_concentric_impassable,
          minmay_temple_entry_statues_fountains, serial_shops,
          nicolae_shop_tiny_waterfront, minmay_misc_feat_five, uniq_duvessa,
          uniq_eustachio, uniq_menkaure
D:6:      layout_loops_ring, lemuel_round_altar, marbit_many_paths,
          hellmonk_ghost_happy_afterlife, uniq_grinder
D:7:      gammafunk_corrupted_shrine, layout_rooms, cheibriados_altar_1,
          amethyst_overflow_temple_binary, uniq_joseph
D:8:      layout_basic, bloody_makhleb, yredelemnul_altar_generic,
          serial_co_window_serial, co_window_paths_a, co_window_paths_b,
          co_window_corner_a, co_window_corner_a, co_window_paths_b,
          co_window_corner_a, co_window_corner_a, co_window_corner_ca,
          co_window_unsneaky_path_c, co_window_2corner, co_window_2corner,
          co_window_unsneaky_path_e, co_window_4corner_a, co_window_4corner_b,
          glass_columns_a, glass_columns_c, glass_columns_a, glass_columns_a,
          nicolae_shop_i_like_small_books_too
D:9:      layout_gridville, mainiacjoe_overflow_six_doors_small,
          hellmonk_lair_entry_icy, minmay_misc_feat_alley, uniq_gastronok
D:10:     layout_layer_cave, grunt_gozag_statues, uniq_fannar
D:11:     layout_basic, nicolae_trove_entry_crossroad, gauntlet_entry_generic
D:12:     layout_cave_pools, kennysheep_kite_vault, uniq_erolcha, uniq_maurice,
          uniq_rupert
Temple:   nicolae_temple_colour_theory
Lair:1:   layout_loops_ring, special_room [special_room_bee],
          infiniplex_staircase_pool_2, grunt_megastairs_5, lemuel_fruit_fields
Lair:2:   layout_cave_pods, serial_bayou_shore_b
Lair:3:   layout_gridlike, minmay_swamp_entry_worms,
          guppyfry_snake_entry_island, serial_bayou_shore_a
Lair:4:   layout_cave_shapes, grunt_megastairs_1
Lair:5:   hangedman_lair_tendril_chambers, layout_long_grid, wormcave,
          minmay_slime_entry_jelly_boxes

Skill      XL: |  1  2  3  4  5  6  7  8  9 10 11 12 13 |
---------------+----------------------------------------+-----
Shields        | 3 4 5 6 7 9 10 11 | 11.1
Unarmed Combat | 3 4 5 6 8 10 11 13 14 16 | 16.3
Fighting       | 3 4 5 6 7 8 9 10 | 10.1
Dodging        | 3 5 6 7 8 |  8.7

Action                     |  1- 3 |  4- 6 |  7- 9 | 10-12 | 13-15 || total
---------------------------+-------+-------+-------+-------+-------++-------
  Melee: Unarmed           |   140 |   152 |   191 |   379 |   349 ||  1211
         Whip              |       |       |       |    87 |       ||    87
         Dagger            |       |       |       |    20 |       ||    20
         Spear             |       |       |       |       |    58 ||    58
  Throw: Boomerang         |       |    36 |    80 |    72 |       ||   188
         Dart              |       |       |       |    93 |   145 ||   238
         Large rock        |       |       |       |       |    10 ||    10
 Invoke: Serpent's Lash    |       |       |       |       |     1 ||     1
         Heavenly Storm    |       |       |       |       |     1 ||     1
Ability: Lunge             |       |       |    27 |    46 |    48 ||   121
         Whirlwind         |       |       |       |    11 |    37 ||    48
  Evoke: Wand              |       |       |       |       |     2 ||     2
    Use: Scroll            |       |       |    17 |     6 |    13 ||    36
         Potion            |       |       |     1 |    14 |     8 ||    23
   Stab: Sleeping          |       |     2 |     5 |     3 |       ||    10
         Distracted        |       |       |       |     1 |       ||     1
 Armour: Robe              |    44 |    42 |    38 |    93 |    73 ||   290
  Dodge: Dodged            |    34 |    34 |    38 |   161 |   138 ||   405
  Block: Kite shield       |    48 |    48 |    68 |   255 |   209 ||   628
